 Dungeon Crawl Stone Soup version 0.30-a0-920-g7493c07aab (webtiles) character file.

Game seed: 10817162134452360541

13 Novel the Chopper (level 2, -3/3 (29) HPs)
             Began as an Ogre Reaver on Mar 21, 2023.
             Slain by a kobold
             ... wielding a +0 club
              (4 damage)
             ... on level 1 of the Dungeon.
             The game lasted 00:04:26 (381 turns).

Novel the Chopper (Ogre Reaver)                      Turns: 381, Time: 00:04:27

HP:   -3/3 (29)     AC:  4    Str: 15    XL:     2   Next: 37%
MP:   5/5           EV:  9    Int: 14    God:
Gold: 34            SH:  0    Dex:  7    Spells: 5/6 levels left

rFire   . . .      SeeInvis .    g - +0 whip
rCold   . . .      Faith    .    (no shield)
rNeg    . . .      Spirit   .    b - +1 robe
rPois   .          Reflect  .    (helmet restricted)
rElec   .          Rampage  .    (no cloak)
rCorr   .                        (gloves unavailable)
Will    .....                    (boots unavailable)
Stlth   +                        (no amulet)
HPRegen 0.20/turn                (no ring)
MPRegen 0.09/turn                (no ring)

@: extremely drained
A: large, unfitting armour, tough skin 1
a: no special abilities


You were on level 1 of the Dungeon.
You visited 1 branch of the dungeon, and saw 1 of its levels.

You collected 34 gold pieces.

Inventory:

Hand Weapons
 a - a +0 hand axe
 d - a +0 dagger
 g - a +0 whip (weapon)
Armour
 b - a +1 robe (worn)
 h - a +0 robe
Scrolls
 f - a scroll of identify {unknown}
Potions
 c - a potion of mutation {unknown}
 e - a potion of cancellation {unknown}


   Skills:
 + Level 2.8 Fighting
 + Level 3.1 Axes
 + Level 1.8 Dodging
 + Level 2.6 Spellcasting
 + Level 3.0 Conjurations


You had 5 spell levels left.
You knew the following spells:

 Your Spells              Type           Power      Damage    Failure   Level
a - Kiss of Death         Conj/Necr      24%        2d7       12%         1

Your spell library contained the following spells:

 Spells                   Type           Power      Damage    Failure   Level
 Momentum Strike          Conj/Tloc      12%        3d8       19%         2
 Hailstorm                Conj/Ice       6%         3d4       34%         3


Dungeon Overview and Level Annotations

Branches:
Dungeon (1/15)

Altars:


Innate Abilities, Weirdness & Mutations

You are too large for most types of armour.
You have tough skin. (AC +1)


Message History

Nothing appears to happen.
The giant cockroach barely misses you.
Unknown command.
Aiming: Kiss of Death (safe; 12% risk of failure)
Press: ? - help, Q - select action Shift-Dir - straight line, f - giant cockroach
Aim: a giant cockroach (100% to hit)
The negative energy hits the giant cockroach!
The giant cockroach is drained!
You kill the giant cockroach!
You feel drained.
Unknown command.
Your magical contamination has completely faded away.
Found a stone staircase leading down.
A ball python comes into view.
A kobold comes into view. It is wielding a +0 club.
The kobold shouts!
The kobold throws a stone.
The stone hits you but does no damage.
The kobold throws a stone.
The stone hits you but does no damage.
Aiming: Kiss of Death (safe; 12% risk of failure)
Press: ? - help, Q - select action Shift-Dir - straight line, f - ball python
Aim: a ball python (100% to hit)
The negative energy hits the ball python!
The ball python is drained!
You kill the ball python!
You feel drained.
Unknown command.
An endoplasm comes into view.
The kobold throws a stone.
The stone hits you but does no damage.
The kobold throws a stone.
The stone closely misses you. The kobold hits you but does no damage.
You hit the kobold but do no damage. The kobold barely misses you.
You hit the kobold.
The kobold is moderately wounded.
The kobold hits you with a +0 club.
Ouch! That really hurt!
You hit the kobold.
The kobold is severely wounded.
The kobold hits you with a +0 club.
Ouch! That really hurt!
You die...

.#.##.# .# #..#
.#.##.# .# #..#
...##.# .# #..#
...##.# .# #..#
#.###.###.# #..# ..#
#.##.. #..# ..###.##.#
#>.# ...##.##†###
#.K##### .†.##......#
#..@...#
...##..###.###.####.#
.).##..###.....# .#
.#.###..##.#..........
.#.###.#...#.######.##
.#†##.###....# .#
....##.#.##### .#
##..# #..# ..
##..###..######


You could see a kobold.

Vanquished Creatures
  A ball python (D:1)
  A bat (D:1)
  An endoplasm (D:1)
  A giant cockroach (D:1)
  A goblin (D:1)
  A quokka (D:1)
  A frilled lizard (D:1)
  3 kobolds (D:1)
  2 rats (D:1)
12 creatures vanquished.

Notes
Turn   | Place    | Note
-------+----------+-------------------------------------------
     0 | D:1      | Novel the Ogre Reaver began the quest for the Orb.
     0 | D:1      | Reached XP level 1. HP: 22/22 MP: 3/3
   263 | D:1      | Reached XP level 2. HP: 21/21 MP: 2/5
   381 | D:1      | Slain by a kobold

Illustrated notes

Levels and vault maps discovered:
D:1:      amcnicky_arrival_choice, layout_loops_ring

Skill      XL: |  1  2 |
---------------+-------+-----
Conjurations   | 3 |  3.0
Fighting       | |  2.8
Axes           | |  3.1
Dodging        | |  1.8
Spellcasting   | |  2.6

Action                     || total
---------------------------++-------
  Melee: Hand axe          ||    15
         Punch             ||     1
         Whip              ||     3
   Cast: Kiss of Death     ||     7
    Use: Scroll            ||     1
 Armour: Robe              ||     7
  Dodge: Dodged            ||    12

Table legend: (Time is in decaauts)
 A = Elapsed time spent in this place.
 B = Non-inter-level travel time spent in this place.
 C = Inter-level travel time spent in this place.
 D = Time resting spent in this place.
 E = Time spent auto-exploring this place.
 F = Levels seen in this place.
 G = Mean time per level.
                   A        B        C        D        E       F      G
               +--------+--------+--------+--------+--------+-----+--------+
         Total |    382 |    341 |     41 |      0 |    242 |   1 |  382.0 |
       Dungeon |    382 |    341 |     41 |      0 |    242 |   1 |  382.0 |
               +--------+--------+--------+--------+--------+-----+--------+

Top non-repeatable levels by time:
     D:1: 382 daAuts
